 Dungeon Crawl Stone Soup version 0.31.0-9-g3a7656b989 (webtiles) character file.

Game seed: 3176488344943358985

648 raph the Firebug (level 7, -1/36 HPs)
             Began as a Deep Elf Fire Elementalist on Jan 24, 2024.
             Slain by Duvessa
             ... wielding a +0 short sword
              (10 damage)
             ... on level 5 of the Dungeon.
             The game lasted 00:06:32 (5061 turns).

raph the Firebug (Deep Elf Fire Elementalist)       Turns: 5061, Time: 00:06:33

Health: -1/36      AC:  4    Str:  5    XL:     7   Next: 27%
Magic:  10/17      EV: 12    Int: 22    God:
Gold:   217        SH:  0    Dex: 15    Spells: 1/17 levels left

rFire   . . .        o - +0 short sword (speed)
rCold   . . .        (no shield)
rNeg    . . .        a - +0 robe
rPois   +            (no helmet)
rElec   .            m - +1 cloak
rCorr   .            (no gloves)
SInv    .            (no boots)
Will    +....        (no amulet)
Stlth   ++           g - ring of poison resistance
HPRegen 0.26/turn    (no ring)
MPRegen 0.15/turn

%: no passive effects
@: enlightened, flying, studying Summonings
A: no striking features
a: no special abilities


You were on level 5 of the Dungeon.
You visited 1 branch of the dungeon, and saw 5 of its levels.

You collected 217 gold pieces.

Inventory:

Hand Weapons
 e - a +0 dagger
 o - a +0 short sword of speed (weapon)
Missiles
 k - 8 poisoned darts
Armour
 a - a +0 robe (worn)
 m - a +1 cloak (worn)
Jewellery
 g - a ring of poison resistance (left hand)
Wands
 n - a wand of quicksilver (2)
Scrolls
 h - 2 scrolls of torment
Potions
 b - a potion of magic
 c - a potion of enlightenment
 d - 5 potions of curing
 f - a potion of ambrosia {unknown}
 i - 2 potions of heal wounds
 j - a potion of brilliance {unknown}
 l - a potion of lignification {unknown}


   Skills:
 - Level 2.4 Dodging
 - Level 2.4 Stealth
 + Level 5.5 Spellcasting
 * Level 5.5 Conjurations
 * Level 6.3 Fire Magic


You had one spell level left.
You knew the following spells:

 Your Spells              Type           Power      Damage    Failure   Level
a - Foxfire               Conj/Fire      100%       2x1d9     1%          1
b - Scorch                Fire           68%        2d7       1%          2
c - Inner Flame           Hex/Fire       20%        N/A       8%          3
d - Volatile Blastmotes   Fire/Tloc      40%        2d13      8%          3
e - Flame Wave            Conj/Fire      32%        2d9       9%          4
f - Magic Dart            Conj           100%       1d8       1%          1
g - Call Imp              Summ           12%        N/A       14%         2

Your spell library contained the following spells:

 Spells                   Type           Power      Damage    Failure   Level
 Searing Ray              Conj           60%        2d6       1%          2
 Sublimation of Blood     Necr           6%         N/A       14%         2
 Fulminant Prism          Conj/Alch      9%         3d7       30%         4
 Summon Hydra             Summ           3%         N/A       100%        7


Dungeon Overview and Level Annotations

Branches:
Dungeon (5/15)
 Temple: D:4-7

Altars:
Qazlal
Ru

Annotations:
D:1 1 runed translucent door
D:4 3 transporters, xelsha's ghost, novice GnAE
D:5 Duvessa


Message History

A wave of flame ripples out!
The flame wave engulfs Duvessa.
Duvessa is severely wounded.
Duvessa is no longer more vulnerable to fire.
Duvessa hits you with a +0 short sword.
A wave of flame ripples out!
The flame wave engulfs Duvessa.
Duvessa resists.
Duvessa is severely wounded.
You finish channelling waves of flame.
Duvessa barely misses you.
Dowan smirks and points a slender finger.
Casting: Flame Wave (quite dangerous; 9% risk of failure)
Confirm with . or Enter, or press ? or * to list all spells.
You don't have enough magic to cast this spell.
Magic courses through your body. Duvessa barely misses you.
Casting: Flame Wave (quite dangerous; 9% risk of failure)
Confirm with . or Enter, or press ? or * to list all spells.
Casting: Flame Wave (quite dangerous; 9% risk of failure)
Press: ? - help, Dir - look around, f - activate A wave of flame ripples out!
The flame wave engulfs Duvessa.
Duvessa completely resists.
Duvessa is severely wounded. (Press . to intensify the flame waves.) Duvessa barely misses you.
A wave of flame ripples out!
The flame wave engulfs Dowan!
Dowan is severely wounded.
The flame wave engulfs Duvessa but does no damage.
Duvessa is severely wounded.
Duvessa hits you with a +0 short sword. Dowan hits you but does no damage.
A wave of flame ripples out!
The flame wave engulfs Dowan!
You kill Dowan!
Duvessa weeps, and shakes her weapon.
Duvessa goes berserk!
The flame wave engulfs Duvessa but does no damage.
Duvessa is severely wounded.
You finish channelling waves of flame.
Duvessa hits you with a +0 short sword!
* * * LOW HITPOINT WARNING * * *
Casting: Flame Wave (quite dangerous; 9% risk of failure)
Confirm with . or Enter, or press ? or * to list all spells.
Flames lash Duvessa.
Duvessa resists.
Duvessa is severely wounded.
Duvessa's fire resistance burns away.
Duvessa hits you with a +0 short sword!
You die...

#.............#
#.............##
#..............#
..............#
.............# .
[............# ..
............# ...
...........+ ....
......†.@..# .....
.......)e..#......
####..............
#..............
#...........###
#...........#
#...........#
#...........#
#...........#


You could see Duvessa (berserk, combustible).

Vanquished Creatures
  Sigmund (D:3)
  2 sky beasts
  Dowan (D:5)
  2 hounds
  An orc priest (D:4)
  An orc wizard (D:4)
  5 adders
  2 ufetubi (D:5)
  A dart slug (D:2)
  A ribbon worm (D:4)
  9 orcs
  2 giant cockroaches
  7 goblins
  5 hobgoblins
  4 jackals (D:2)
  3 quokkas
  4 ball pythons
  8 bats
  3 frilled lizards
  5 kobolds
  7 rats
74 creatures vanquished.

Vanquished Creatures (others)
  196 foxfires
196 creatures vanquished.

Grand Total: 270 creatures vanquished

Notes
Turn   | Place    | Note
-------+----------+-------------------------------------------
     0 | D:1      | raph the Deep Elf Fire Elementalist began the quest for the
                  | Orb.
     0 | D:1      | Reached XP level 1. HP: 10/10 MP: 6/6
     1 | D:1      | Found a runed translucent door.
   104 | D:1      | Found a faded altar of an unknown god.
   712 | D:2      | Reached XP level 2. HP: 15/15 MP: 2/8
   716 | D:2      | Learned a level 2 spell: Scorch
  1389 | D:2      | Reached XP level 3. HP: 19/19 MP: 6/9
  1393 | D:2      | Learned a level 3 spell: Inner Flame
  2053 | D:3      | Reached skill level 4 in Fire Magic
  2244 | D:3      | Reached XP level 4. HP: 24/24 MP: 2/11
  2337 | D:3      | Found a stormy altar of Qazlal.
  2337 | D:3      | Noticed a sky beast
  2350 | D:3      | Killed a sky beast
  2351 | D:3      | Reached XP level 5. HP: 20/28 MP: 4/13
  2559 | D:3      | Found a sacrificial altar of Ru.
  2615 | D:3      | Noticed Sigmund
  2623 | D:3      | Killed Sigmund
  2624 | D:3      | Reached skill level 5 in Fire Magic
  2624 | D:3      | Reached XP level 6. HP: 31/32 MP: 5/15
  2719 | D:3      | Learned a level 3 spell: Volatile Blastmotes
  2724 | D:3      | Learned a level 4 spell: Flame Wave
  3218 | D:4      | Reached skill level 5 in Spellcasting
  3223 | D:4      | Noticed a sky beast
  3504 | D:4      | Killed a sky beast
  3505 | D:4      | Reached skill level 5 in Conjurations
  3505 | D:4      | Reached skill level 6 in Fire Magic
  3670 | D:4      | Noticed xelsha's ghost (novice GnAE)
  3674 | D:4      | Found a transporter.
  3711 | D:4      | Reached XP level 7. HP: 36/36 MP: 11/16
  3866 | D:4      | Learned a level 1 spell: Magic Dart
  3869 | D:4      | Learned a level 2 spell: Call Imp
  3912 | D:4      | Found a transporter.
  4157 | D:4      | Found a transporter.
  4443 | D:5      | Entered Level 5 of the Dungeon
  5043 | D:5      | Noticed Dowan
  5045 | D:5      | Noticed Duvessa
  5060 | D:5      | Killed Dowan
  5061 | D:5      | Slain by Duvessa

Illustrated notes

Levels and vault maps discovered:
D:1:      dpeg_arrival_caged_fury, layout_basic,
          ebering_ecumenical_altar_abandoned
D:2:      layout_basic, kennysheep_cross_room
D:3:      layout_loops_cross, nicolae_qazlal_beasts_of_the_sky,
          mainiacjoe_overflow_catwalk, uniq_sigmund
D:4:      gammafunk_cloud_chamber, layout_loops_cross, gammafunk_ghost_smash
D:5:      layout_basic, chequers_temple_overflow_minitemple, minmay_bent,
          uniq_blork_the_orc, uniq_duvessa

Skill      XL: |  1  2  3  4  5  6 |
---------------+-------------------+-----
Conjurations   | 2 3 4 5 |  5.5
Fire Magic     | 4 5 6 |  6.3
Spellcasting   | 4 5 |  5.5
Dodging        | |  2.4
Stealth        | |  2.4

Action                     |  1- 3 |  4- 6 |  7- 9 || total
---------------------------+-------+-------+-------++-------
  Melee: Dagger            |     2 |       |       ||     2
         Unarmed           |     1 |       |       ||     1
         Short sword       |       |       |     1 ||     1
   Cast: Foxfire           |    53 |    36 |    25 ||   114
         Scorch            |    16 |    15 |    12 ||    43
         Flame Wave        |       |     2 |     3 ||     5
         Magic Dart        |       |       |     5 ||     5
         Inner Flame       |       |       |     5 ||     5
         Call Imp          |       |       |     1 ||     1
    Use: Scroll            |       |       |     7 ||     7
         Potion            |       |       |     2 ||     2
 Armour: Robe              |     7 |     8 |    13 ||    28
  Dodge: Dodged            |     9 |     3 |     9 ||    21
